 Dungeon Crawl Stone Soup version 0.30-a0-782-ge64f9170bb (webtiles) character file.

Game seed: 7071934625697250034

16200 Smoke131 the Grappler (level 12, -3/118 HPs)
             Began as a Troll Gladiator on Feb 19, 2023.
             Was a High Priest of Okawaru.
             Slain by a six-headed hydra (9 damage)
             ... on level 1 of the Lair of Beasts.
             The game lasted 00:27:26 (9938 turns).

Smoke131 the Grappler (Troll Gladiator)             Turns: 9938, Time: 00:27:27

Health: -3/118     AC: 20    Str: 29    XL:     12   Next: 8%
Magic:  13/14      EV: 18    Int:  4    God:    Okawaru [*****.]
Gold:   663        SH:  0    Dex: 11    Spells: 11/11 levels left

rFire   . . .      SeeInvis .    A - +1 giant spiked club
rCold   . . .      Faith    .    (shield currently unavailable)
rNeg    . . .      Spirit   .    F - +0 acid dragon scales
rPois   .          Reflect  .    e - +2 hat
rElec   .          Harm     .    H - +2 cloak
rCorr   +          Rampage  .    (gloves unavailable)
Will    .....                    (boots unavailable)
Stlth   ++                       t - amulet of regeneration
HPRegen 1.99/turn                h - +5 ring of evasion
MPRegen 0.14/turn                E - +4 ring of protection

@: heroic
A: large, unfitting armour, claws 3, regeneration 1, shaggy fur 1, tough skin 1
a: Renounce Religion, Heroism, Finesse, Duel


You were on level 1 of the Lair of Beasts.
You worshipped Okawaru.
Okawaru was extremely pleased with you.
You visited 3 branches of the dungeon, and saw 13 of its levels.

You collected 663 gold pieces.

Inventory:

Hand Weapons
 A - a +1 giant spiked club (weapon)
Missiles
 c - 4 throwing nets
 d - 4 large rocks
 o - 12 poisoned darts
 u - 15 boomerangs (quivered)
 G - 2 curare-tipped darts
 K - 3 javelins
Armour
 e - a +2 hat (worn)
 F - +0 acid dragon scales (worn)
 H - a +2 cloak (worn)
Jewellery
 h - a +5 ring of evasion (left claw)
 t - an amulet of regeneration (around neck)
 D - a ring of protection from cold
 E - a +4 ring of protection (right claw)
Wands
 n - a wand of polymorph (24)
 v - a wand of acid (3)
 w - a wand of flame (16)
 C - a wand of paralysis (11)
 J - a wand of digging (4)
Scrolls
 a - 2 scrolls of identify
 b - 2 scrolls of blinking
 i - 5 scrolls of amnesia
 y - 7 scrolls of teleportation
 z - 3 scrolls of enchant armour
 I - a scroll of enchant weapon
 L - a scroll of fog {unknown}
 M - a scroll of noise {unknown}
 N - 2 scrolls of magic mapping {unknown}
 O - a scroll of brand weapon {unknown}
 P - 2 scrolls of vulnerability {unknown}
Potions
 f - 3 potions of attraction
 g - 3 potions of flight
 j - 9 potions of heal wounds
 k - 4 potions of might
 l - a potion of invisibility {unknown}
 m - 5 potions of curing
 p - a potion of degeneration {unknown}
 q - 2 potions of magic {unknown}
 r - 3 potions of haste
 s - 5 potions of lignification
 x - 3 potions of mutation {unknown}
 B - a potion of resistance {unknown}


   Skills:
 + Level 7.3(12.3) Fighting
 + Level 8.0(13.0) Throwing
 + Level 7.2(12.2) Armour
 + Level 7.6(12.6) Dodging
 + Level 9.1(14.1) Unarmed Combat
 + Level 5.1 Invocations


You had 11 spell levels left.
You didn't know any spells.
Your spell library contained the following spells:

 Spells                   Type           Power      Damage    Failure   Level
 Necrotise                Necr           0%         1d4       54%         1
 Scorch                   Fire           0%         2d5       69%         2
 Vampiric Draining        Necr           0%         2d6       89%         3
 Flame Wave               Conj/Fire      0%         2d4       100%        4
 Agony                    Necr           0%         N/A       100%        5
 Freezing Cloud           Conj/Ice/Air   0%         6-21      100%        5
 Polar Vortex             Ice            0%         N/A       100%        9
 Simulacrum               Ice/Necr       Unusable   N/A       N/A         6
 Summon Cactus Giant      Summ           Unusable   N/A       N/A         6

Dungeon Overview and Level Annotations

Branches:
Dungeon (11/15)            Temple (1/1) D:7            Lair (1/5) D:11
    Orc (0/2) D:11

Altars:
Ashenzari
Cheibriados
Dithmenos
Elyvilon
Fedhas
Gozag
Hepliaklqana
Kikubaaqudgha
Makhleb
Nemelex Xobeh
Okawaru
Qazlal
Ru
Sif Muna
Trog
Uskayaw
Vehumet
Xom
Yredelemnul
Zin
The Shining One


Innate Abilities, Weirdness & Mutations

You are too large for most types of armour.
You have claws for hands.
Your natural rate of healing is unusually fast.
You are covered in fur. (AC +1)
You have tough skin. (AC +1)


Message History

The six-headed hydra bites you but does no damage.
You impale the six-headed hydra!!
The six-headed hydra is severely wounded.
The six-headed hydra bites you but does no damage. x3
The six-headed hydra bites you.
The six-headed hydra completely misses you.
The six-headed hydra bites you!
You completely miss the six-headed hydra.
The six-headed hydra is severely wounded.
The six-headed hydra completely misses you.
The six-headed hydra bites you but does no damage.
The six-headed hydra misses you. The six-headed hydra bites you!
The six-headed hydra misses you. The six-headed hydra bites you. x2
* * * LOW HITPOINT WARNING * * *
The six-headed hydra misses you.
The six-headed hydra bites you but does no damage. x2
The six-headed hydra bites you!
* * * LOW HITPOINT WARNING * * *
The six-headed hydra barely misses you.
You impale the six-headed hydra!!
The six-headed hydra is almost dead.
The six-headed hydra bites you but does no damage. x2
The six-headed hydra bites you!
* * * LOW HITPOINT WARNING * * *
The six-headed hydra barely misses you.
The six-headed hydra bites you but does no damage.
The six-headed hydra misses you.
You hit the six-headed hydra.
The six-headed hydra is almost dead.
The six-headed hydra bites you!
* * * LOW HITPOINT WARNING * * *
The six-headed hydra closely misses you.
The six-headed hydra completely misses you.
The six-headed hydra bites you.
* * * LOW HITPOINT WARNING * * *
The six-headed hydra barely misses you. The six-headed hydra misses you.
The six-headed hydra bites you.
* * * LOW HITPOINT WARNING * * *
The six-headed hydra bites you!
You die...

..##### #..### #.## #....
...# ##... P..# ### #####
)..# #.####.####...# #..#
..............###..#
......D............######
#.#####.##......>........
### #####....D@..###.P#
#.######### # ###


You could see a six-headed hydra.

Vanquished Creatures
  Erica (D:8)
  3 two-headed ogres
  Nergalle (D:10)
  Pikel (D:6)
  Maurice (D:8)
  5 centaur zombies (D:8)
  Joseph (D:7)
  A torpor snail (D:11)
  A gargoyle (D:11)
  2 centaur skeletons (D:8)
  A cane toad (Lair:1)
  A kobold demonologist (D:11)
  An unseen horror (D:11)
  A komodo dragon (D:11)
  A rime drake (Lair:1)
  A troll (D:10)
  2 hellwings (D:8)
  A hornet (D:8)
  Prince Ribbit (D:6)
  Sigmund (D:4)
  A vampire (D:11)
  A wyvern (D:10)
  14 yaks
  2 steam dragons
  Menkaure (D:7)
  Duvessa (D:7)
  2 acid dragons
  2 water moccasins
  A sky beast (D:6)
  5 orc warriors
  A black bear (D:6)
  2 ice beasts (D:7)
  2 ogres
  4 centaurs
  A phantom (D:5)
  2 kobold brigands
  Blork the orc (D:3)
  4 bullfrogs
  3 necrophages
  A scorpion (D:5)
  5 wights
  Dowan (D:7)
  6 killer bees (D:8)
  An electric eel (D:8)
  A howler monkey (D:6)
  A hound (D:5)
  3 jellies
  A gnoll bouda (D:6)
  3 orc priests
  An iron imp (D:6)
  A boggart zombie (D:8)
  2 iguanas
  12 orc wizards
  8 gnolls
  11 adders
  4 shadow imps
  4 white imps
  2 ufetubi
  2 worms (D:2)
  A dart slug (D:2)
  19 orcs
  5 endoplasms
  6 giant cockroaches
  2 goblins
  9 hobgoblins
  4 jackals
  3 quokkas
  8 ball pythons
  3 bats
  2 frilled lizards
  10 kobolds
  5 rats (D:1)
225 creatures vanquished.

Vanquished Creatures (others)
  A human (D:10)
  A fungus (Lair:1)
  10 plants
  4 withered plants (D:8)
16 creatures vanquished.

Grand Total: 241 creatures vanquished

Notes
Turn   | Place    | Note
-------+----------+-------------------------------------------
     0 | D:1      | Smoke131 the Troll Gladiator began the quest for the Orb.
     0 | D:1      | Reached XP level 1. HP: 19/19 MP: 0/0
   204 | D:1      | Reached XP level 2. HP: 28/28 MP: 1/1
   957 | D:2      | Reached XP level 3. HP: 35/35 MP: 2/2
  1096 | D:2      | Reached skill level 1 in Armour
  1850 | D:3      | Reached XP level 4. HP: 37/42 MP: 3/3
  1910 | D:3      | Found a radiant altar of Vehumet.
  2736 | D:4      | You fall into a shaft and drop 2 floors!
  2742 | D:6      | Noticed Grinder
  2745 | D:6      | Grinder changed into Grinder the iron imp
  2745 | D:6      | Noticed Grinder
  2753 | D:6      | Killed Grinder the iron imp
  2754 | D:6      | Reached XP level 5. HP: 49/49 MP: 4/4
  2772 | D:5      | Entered Level 5 of the Dungeon
  2788 | D:5      | Noticed a phantom
  2803 | D:5      | Killed a phantom
  2804 | D:5      | Reached skill level 4 in Unarmed Combat
  2810 | D:5      | Reached XP level 6. HP: 59/59 MP: 5/5
  2825 | D:4      | Noticed Sigmund
  2950 | D:4      | Identified the +1 leather armour of Ezotul {Str-3 Int+5}
  3128 | D:4      | Killed Sigmund
  3129 | D:4      | Reached XP level 7. HP: 60/67 MP: 6/6
  3321 | D:4      | Noticed Blork the orc
  3389 | D:3      | Killed Blork the orc
  3927 | D:5      | Reached skill level 5 in Unarmed Combat
  4077 | D:5      | Reached XP level 8. HP: 78/78 MP: 7/7
  4374 | D:5      | Found a blossoming altar of Fedhas.
  5139 | D:6      | Noticed Prince Ribbit
  5150 | D:6      | Killed Prince Ribbit
  5332 | D:6      | Noticed Pikel
  5345 | D:6      | Killed Pikel
  5346 | D:6      | Reached skill level 5 in Throwing
  5346 | D:6      | Reached skill level 5 in Dodging
  5346 | D:6      | Reached skill level 6 in Unarmed Combat
  5360 | D:6      | Reached XP level 9. HP: 85/85 MP: 8/8
  5644 | D:7      | Noticed Joseph
  5769 | D:7      | Found a staircase to the Ecumenical Temple.
  5776 | D:7      | Identified the +0 helmet "Otamyas" {+Blink}
  5786 | Temple   | Entered the Ecumenical Temple
  6016 | Temple   | Became a worshipper of Warmaster Okawaru
  6103 | D:7      | Noticed Menkaure
  6109 | D:7      | Killed Menkaure
  6113 | D:7      | Noticed Dowan
  6119 | D:7      | Noticed Duvessa
  6120 | D:7      | Killed Dowan
  6127 | D:7      | Killed Duvessa
  6153 | D:7      | Reached skill level 5 in Fighting
  6190 | D:7      | Reached * piety under Okawaru
  6291 | D:7      | Killed Joseph
  6292 | D:7      | Reached skill level 5 in Armour
  6516 | D:7      | Found a glowing silver altar of Zin.
  6681 | D:8      | Reached skill level 7 in Unarmed Combat
  6682 | D:8      | Reached ** piety under Okawaru
  6811 | D:8      | Reached skill level 1 in Invocations
  6811 | D:8      | Reached XP level 10. HP: 96/96 MP: 9/9
  6827 | D:8      | Reached *** piety under Okawaru
  6877 | D:8      | Reached **** piety under Okawaru
  7161 | D:8      | Noticed Maurice
  7206 | D:8      | Killed Maurice
  7206 | D:8      | Reached ***** piety under Okawaru
  7206 | D:8      | Received a gift from Okawaru
  7238 | D:8      | Found a glowing golden altar of the Shining One.
  7238 | D:8      | Noticed a two-headed ogre
  7276 | D:8      | Killed a two-headed ogre
  7277 | D:8      | Reached skill level 8 in Unarmed Combat
  7277 | D:8      | Reached XP level 11. HP: 102/106 MP: 12/12
  7327 | D:8      | Found an opulent altar of Gozag.
  7330 | D:8      | Found a hazy altar of Hepliaklqana.
  7423 | D:8      | Noticed Erica
  7460 | D:8      | Killed Erica
  7460 | D:8      | Received a gift from Okawaru
  8198 | D:10     | Entered Level 10 of the Dungeon
  8232 | D:10     | Noticed a two-headed ogre
  8239 | D:10     | Killed a two-headed ogre
  8239 | D:10     | Received a gift from Okawaru
  8632 | D:10     | Found an ancient bone altar of Kikubaaqudgha.
  8644 | D:10     | Noticed Nergalle
  8822 | D:10     | Killed Nergalle
  8916 | D:10     | Paralysed by something for 5 turns
  8981 | D:10     | Identified the +1 robe of the Beggar {rElec rC+ Int-4
                  | Stlth+} (Okawaru gifted it to you on level 10 of the
                  | Dungeon)
  8981 | D:10     | Received a gift from Okawaru
  9039 | D:10     | Found a white marble altar of Elyvilon.
  9217 | D:11     | Noticed a two-headed ogre
  9244 | D:11     | Killed a two-headed ogre
  9388 | D:11     | Reached skill level 9 in Unarmed Combat
  9397 | D:11     | Reached skill level 5 in Invocations
  9403 | D:11     | Found a staircase to the Lair.
  9699 | D:11     | Found a staircase to the Orcish Mines.
  9729 | Lair:1   | Entered Level 1 of the Lair of Beasts
  9756 | D:11     | Reached XP level 12. HP: 114/118 MP: 14/14
  9866 | Lair:1   | Found the +1 robe of Vines {NoPotionHeal Regen++++}
  9869 | Lair:1   | Noticed a six-headed hydra
  9938 | Lair:1   | Slain by a six-headed hydra

Illustrated notes

Levels and vault maps discovered:
D:1:      kilobyte_arrival_exit_the_forest, layout_basic, serial_corexii_hall,
          corexii_hall_statues_i, corexii_hall_statues_u,
          corexii_hall_statues_deadend, corexii_hall_statues_l
D:2:      layout_basic, serial_forest, infiniplex_forest_straight_2,
          infiniplex_forest_clump_diagonal, infiniplex_forest_end_3,
          infiniplex_forest_lined_room_2, infiniplex_forest_clump_C,
          infiniplex_forest_end_3, infiniplex_forest_lined_corner,
          infiniplex_forest_clump_diagonal, infiniplex_forest_clump_double,
          roderic_serpentine_path, nicolae_figureground_pulse
D:3:      minmay_door_path, layout_basic, nicolae_vehumet_radiance
D:4:      layout_cave_pools, serial_rivers, chequers_serial_rivers_small_b,
          chequers_serial_rivers_small_b, chequers_serial_rivers_micro_b,
          chequers_serial_rivers_small_a, chequers_serial_rivers_large_a,
          uniq_sigmund, uniq_blork_the_orc
D:5:      layout_loops_corners, kennysheep_little_box
D:6:      layout_cave_pools, hex_large, uniq_pikel, uniq_grinder,
          uniq_prince_ribbit1
D:7:      layout_rooms, mainiacjoe_overflow_cross_hatched,
          minmay_temple_entry_drinking_statues, uniq_duvessa, uniq_joseph,
          uniq_menkaure
D:8:      cheibrodos_grave_circle, layout_basic, nicolae_overflow_squiral,
          mainiacjoe_overflow_concentric_impassable, uniq_erica, uniq_maurice
D:9:      layout_rooms, serial_rivers, chequers_serial_rivers_small_a,
          chequers_serial_rivers_marsh, chequers_serial_rivers_small_a,
          chequers_serial_rivers_micro_b, chequers_serial_rivers_micro_d,
          chequers_serial_rivers_micro_c
D:10:     kennysheep_blocky_hall, layout_long_grid, tgw_kikubaaqudgha,
          mainiacjoe_overflow_brackets, uniq_nergalle
D:11:     layout_loops_ring, lair_entry_dummy, orc_0_dummy
Temple:   minmay_temple_curvy_branch
Lair:1:   layout_loops_ring, hellmonk_guarded_unrand_vines

Skill      XL: |  1  2  3  4  5  6  7  8  9 10 11 |
---------------+----------------------------------+-----
Throwing       | 2 3 4 5 6 7 8 |  8.0
Fighting       | 2 3 4 5 6 7 |  7.3
Armour         | 1 2 3 4 5 6 7 |  7.2
Dodging        | 3 4 5 6 7 |  7.6
Unarmed Combat | 4 5 6 7 8 9 |  9.1
Invocations    | 1 3 5 |  5.1

Action                     |  1- 3 |  4- 6 |  7- 9 | 10-12 || total
---------------------------+-------+-------+-------+-------++-------
  Melee: Unarmed           |   151 |   135 |   212 |   461 ||   959
         Punch             |     4 |     4 |    10 |    30 ||    48
         Giant spiked club |       |       |       |     9 ||     9
  Throw: Dart              |       |     6 |    17 |       ||    23
         Large rock        |       |     1 |     1 |       ||     2
         Boomerang         |       |       |    33 |    10 ||    43
 Invoke: Heroism           |       |       |       |     1 ||     1
  Evoke: Wand              |       |     2 |       |       ||     2
    Use: Scroll            |       |     6 |     7 |     4 ||    17
   Stab: Sleeping          |     1 |     1 |     1 |       ||     3
 Armour: Robe              |    49 |    53 |    32 |       ||   134
         Acid dragon scale |       |       |    26 |   214 ||   240
         Steam dragon scal |       |       |     1 |       ||     1
  Dodge: Dodged            |    67 |   106 |   178 |   384 ||   735

Table legend: (Time is in decaauts)
 A = Elapsed time spent in this place.
 B = Non-inter-level travel time spent in this place.
 C = Inter-level travel time spent in this place.
 D = Time resting spent in this place.
 E = Time spent auto-exploring this place.
 F = Levels seen in this place.
 G = Mean time per level.
                   A        B        C        D        E       F      G
               +--------+--------+--------+--------+--------+-----+--------+
         Total |   9868 |   9375 |    493 |    724 |   6032 |  13 |  759.1 |
       Dungeon |   9465 |   8996 |    469 |    724 |   5747 |  11 |  860.5 |
        Temple |    255 |    231 |     24 |      0 |    220 |   1 |  255.0 |
          Lair |    146 |    146 |      0 |      0 |     65 |   1 |  146.0 |
               +--------+--------+--------+--------+--------+-----+--------+

Top non-repeatable levels by time:
     D:3: 1142 daAuts
     D:6: 1067 daAuts
     D:2: 1022 daAuts
     D:8: 979 daAuts
     D:5: 924 daAuts
    D:10: 815 daAuts
     D:1: 788 daAuts
     D:7: 767 daAuts
     D:9: 661 daAuts
     D:4: 648 daAuts
    D:11: 648 daAuts
  Temple: 255 daAuts
  Lair:1: 146 daAuts
